 Dungeon Sprint DCSS version 0.31-a0-795-g5eb97db20b (webtiles) character file.

Game seed: 7987582741112193624

20734 sircluck the Brawler (level 12, -16/146 HPs)
             Began as a Troll Berserker on Sept 18, 2023.
             Was a High Priest of Trog.
             Succumbed to a death drake's dark miasma
             ... in the Dungeon (Sprint III: "The Ten Rune Challenge").
             The game lasted 00:10:05 (1894 turns).

sircluck the Brawler (Troll Berserker)              Turns: 1894, Time: 00:10:05

Health: -16/146    AC:  6    Str: 30    XL:     12   Next: 48%
Magic:  11/11      EV: 14    Int:  3    God:    Trog [*****.]
Gold:   47         SH:  0    Dex:  9    Spells: 11/11 levels left

rFire   . .          .
                       - Unarmed
rCold   . . .        (no shield)
rNeg    . . .        n - +2 robe {Will+}
rPois   .            o - +0 hat
rElec   .            (no cloak)
rCorr   .            (gloves unavailable)
SInv    .            (boots unavailable)
Will    +....        (no amulet)
Stlth   +            (no ring)
HPRegen 1.24/turn    (no ring)
MPRegen 0.12/turn

%: no teleportation
@: lethally poisoned (-16 -> -99), on berserk cooldown, slowed, very slow
A: large, unfitting armour, claws 3, regeneration 1, shaggy fur 1, tough skin 1,
deterioration 1, weak 1, sturdy frame 1
a: Renounce Religion, Berserk, Trog's Hand, Brothers in Arms


You were in the Dungeon.
You worshipped Trog.
Trog was extremely pleased with you.
You visited 1 branch You collected 47 gold pieces.

Inventory:

Missiles
 b - 7 javelins
Armour
 a - a +0 animal skin
 n - a +2 robe of willpower (worn)
 o - a +0 hat (worn)
Wands
 m - a wand of iceblast (9)
Scrolls
 g - a scroll of blinking
 h - 5 scrolls of identify
 j - 2 scrolls of torment {unknown}
Potions
 d - a potion of haste
 e - 2 potions of magic
 f - a potion of berserk rage
 i - 2 potions of mutation
 k - 2 potions of lignification {unknown}
 l - 3 potions of attraction {unknown}


   Skills:
 + Level 16.4 Fighting
 + Level 16.2 Dodging
 + Level 19.0 Unarmed Combat


You had 11 spell levels left.
You didn't know any spells.
Your spell library was empty.

Dungeon Overview and Level Annotations

Branches:
Dungeon (1/1)

Altars:
Cheibriados
Dithmenos
Elyvilon
Fedhas
Gozag
Hepliaklqana
Kikubaaqudgha
Makhleb
Nemelex Xobeh
Okawaru
Qazlal
Ru
Sif Muna
Trog
Uskayaw
Vehumet
Wu Jian
Xom
Yredelemnul
Zin
The Shining One
Jiyva
Lugonu

Annotations:
D exclusion: 2 doors


Innate Abilities, Weirdness & Mutations

You are too large for most types of armour.
You have claws for hands.
Your natural rate of healing is unusually fast.
You are covered in fur. (AC +1)
You have tough skin. (AC +1)
Your body sometimes deteriorates upon taking damage.
You are weak. (Str -2)
Your movements are slightly less encumbered by armour. (ER -2)


Message History

The foul vapour engulfs you!!
You are poisoned.
You completely miss the death drake.
The death drake is severely wounded.
You are engulfed in dark miasma.
You are more poisoned.
You feel extremely sick.
The death drake bites you but does no damage.
You completely miss the death drake. Your claw misses the death drake.
The death drake is heavily wounded.
You are engulfed in dark miasma.
You are more poisoned.
You feel extremely sick. The death drake bites you.
* * * LOW HITPOINT WARNING * * *
You barely miss the death drake. You claw the death drake.
The death drake is severely wounded.
You are engulfed in dark miasma.
You are lethally poisoned!
You feel as though you will be slow longer.
* * * LOW HITPOINT WARNING * * *
x2 You feel extremely sick.
The death drake bites you.
* * * LOW HITPOINT WARNING * * *
You feel much better.
* * * LOW HITPOINT WARNING * * *
You feel extremely sick. The death drake closely misses you.
The death drake breathes miasma at you. The foul vapour engulfs you!
You are lethally poisoned!
You feel as though you will be slow longer.
* * * LOW HITPOINT WARNING * * *
It was a potion of mutation.
You feel extremely strange.
You feel yourself wasting away.
You feel weaker.
You feel less encumbered by your armour.
You are engulfed in dark miasma.
You are more poisoned.
* * * LOW HITPOINT WARNING * * *
You die...

♣♣.....♣♣♣♣)~~........~~~...##.#.
♣♣.≈≈≈≈'♣♣'♣≈≈≈≈≈≈≈≈≈≈≈≈♣♣P.'.#.#
~'.....#.~♣♣♣♣♣♣♣♣♣♣♣♣♣♣♣♣PP##.#.
♣♣♣♣♣♣♣#..♣♣ ♣♣♣##+## ♣
###'♣♣♣♣♣♣♣♣♣♣♣♣♣♣ ##♣
♣♣♣♣.##..##~~~~~≈.. ..♣♣
♣...##.##.#°°~~≈... ##'♣
♣♣.##.##°##k°~~≈≈# ...♣
♣†.#.##°°@#~~..... ####♣♣
♣♣.##.##°°#≈..+### ...PP♣
♣♣.##.#####k..# ..÷.P♣ ♣.....#
...# #÷############ ####
#...........## #....†.).†...#
###########..# ##..)........#


You could see a death drake (catching breath).

Vanquished Creatures
  Rupert (D)
  Gastronok (D)
  Josephine (D)
  A hydra (D)
  2 anacondas (D)
  A centaur warrior (D)
  4 death yaks (D)
  Urug (D)
  A deep elf pyromancer (D)
  A lindwurm (D)
  An elephant (D)
  6 black mambas (D)
  A rime drake (D)
  An unseen horror (D)
  2 cane toads (D)
  A komodo dragon (D)
  2 tyrant leeches (D)
  8 blink frogs (D)
  A shadow (D)
  3 wandering mushrooms (D)
  3 redbacks (D)
  A spatial vortex (D)
  2 water moccasins (D)
  A swamp drake (D)
  2 centaurs (D)
  An earth elemental (D)
  A necrophage (D)
  A scorpion (D)
  A water elemental (D)
  13 killer bees (D)
  An electric eel (D)
  A jelly (D)
  Jessica (D)
  A necromancer (D)
  A wizard (D)
  3 humans (D)
  A kobold demonologist (D)
  4 adders (D)
  3 rats (D)
82 creatures vanquished.

Vanquished Creatures (collateral kills)
  2 dire elephants (D)
  A hydra (D)
  An elephant (D)
  A queen bee (D)
  19 killer bees (D)
  An adder (D)
25 creatures vanquished.

Grand Total: 107 creatures vanquished

Notes
Turn   | Place    | Note
-------+----------+-------------------------------------------
     0 | D        | sircluck the Troll Berserker began the quest for the Orb.
     0 | D        | Reached XP level 1. HP: 22/22 MP: 0/0
    14 | D        | Noticed Jessica
    15 | D        | Reached ** piety under Trog
    18 | D        | Killed Jessica
    19 | D        | Reached skill level 4 in Unarmed Combat
    19 | D        | Reached XP level 2. HP: 32/32 MP: 1/1
    33 | D        | Noticed a scorpion
    43 | D        | Killed a scorpion
    44 | D        | Reached skill level 5 in Unarmed Combat
    44 | D        | Reached XP level 3. HP: 33/41 MP: 2/2
    44 | D        | Reached XP level 4. HP: 39/49 MP: 3/3
    80 | D        | Reached *** piety under Trog
    81 | D        | Reached skill level 5 in Fighting
    81 | D        | Reached skill level 5 in Dodging
    81 | D        | Reached skill level 6 in Unarmed Combat
    90 | D        | Noticed a water elemental
    93 | D        | Killed a water elemental
    94 | D        | Reached XP level 5. HP: 59/59 MP: 4/4
   161 | D        | Found a basalt altar of Yredelemnul.
   161 | D        | Found a shadowy altar of Dithmenos.
   161 | D        | Found a sacrificial altar of Ru.
   167 | D        | Reached skill level 7 in Unarmed Combat
   289 | D        | Found a radiant altar of Vehumet.
   289 | D        | Found a shimmering blue altar of Sif Muna.
   289 | D        | Found an ancient bone altar of Kikubaaqudgha.
   292 | D        | Reached **** piety under Trog
   293 | D        | Reached XP level 6. HP: 60/68 MP: 5/5
   296 | D        | Reached skill level 8 in Unarmed Combat
   321 | D        | Noticed a shadow
   322 | D        | Killed a shadow
   327 | D        | Reached skill level 9 in Unarmed Combat
   333 | D        | Found a blossoming altar of Fedhas.
   333 | D        | Found a stormy altar of Qazlal.
   333 | D        | Found a snail-covered altar of Cheibriados.
   333 | D        | Found a burning altar of Makhleb.
   333 | D        | Found a shimmering altar of Xom.
   333 | D        | Noticed a spatial vortex
   334 | D        | Found a hazy altar of Hepliaklqana.
   334 | D        | Found an opulent altar of Gozag.
   334 | D        | Found a sparkling altar of Nemelex Xobeh.
   334 | D        | Found a corrupted altar of Lugonu.
   334 | D        | Found a viscous altar of Jiyva.
   341 | D        | Killed a spatial vortex
   342 | D        | Reached XP level 7. HP: 80/80 MP: 6/6
   366 | D        | Found a hide-covered altar of Uskayaw.
   366 | D        | Found an iron altar of Okawaru.
   366 | D        | Found a bloodstained altar of Trog.
   366 | D        | Found an ornate altar of the Wu Jian Council.
   366 | D        | Noticed a human
   367 | D        | Noticed a human
   380 | D        | Killed a human
   380 | D        | Reached ***** piety under Trog
   381 | D        | Reached skill level 10 in Unarmed Combat
   387 | D        | Killed a human
   387 | D        | Received a gift from Trog
   435 | D        | Found a glowing silver altar of Zin.
   436 | D        | Found a glowing golden altar of the Shining One.
   436 | D        | Found a white marble altar of Elyvilon.
   436 | D        | Noticed a deep elf pyromancer
   442 | D        | Killed a deep elf pyromancer
   443 | D        | Reached skill level 11 in Unarmed Combat
   443 | D        | Reached XP level 8. HP: 51/92 MP: 7/7
   511 | D        | Noticed Josephine
   519 | D        | Killed Josephine
   520 | D        | Reached skill level 10 in Fighting
   520 | D        | Reached skill level 10 in Dodging
   520 | D        | Reached skill level 12 in Unarmed Combat
   580 | D        | Reached XP level 9. HP: 102/102 MP: 8/8
   588 | D        | Noticed a centaur warrior
   593 | D        | Killed a centaur warrior
   596 | D        | Reached skill level 13 in Unarmed Combat
   630 | D        | Noticed a queen bee
   643 | D        | Killed a queen bee
   644 | D        | Received a gift from Trog
   656 | D        | Received a gift from Trog
   657 | D        | Reached ****** piety under Trog
   682 | D        | Received a gift from Trog
   683 | D        | Reached XP level 10. HP: 115/115 MP: 9/9
   692 | D        | Reached skill level 14 in Unarmed Combat
   702 | D        | Received a gift from Trog
   930 | D        | Noticed a cane toad
   930 | D        | Noticed a cane toad
   932 | D        | Killed a cane toad
   933 | D        | Killed a cane toad
   933 | D        | Received a gift from Trog
   982 | D        | Reached skill level 15 in Unarmed Combat
  1019 | D        | Received a gift from Trog
  1076 | D        | Noticed an elephant
  1076 | D        | Noticed an elephant
  1079 | D        | Noticed a dire elephant
  1080 | D        | Killed an elephant
  1084 | D        | Killed a dire elephant
  1085 | D        | Reached XP level 11. HP: 118/128 MP: 10/10
  1086 | D        | Noticed Gastronok
  1088 | D        | Reached skill level 16 in Unarmed Combat
  1088 | D        | Noticed a dire elephant
  1096 | D        | Killed Gastronok
  1098 | D        | Killed a dire elephant
  1098 | D        | Identified the +6 spear "Latilolo" {flame, Str-5 Dex+3}
                  | (Trog gifted it to you in the Dungeon)
  1098 | D        | Received a gift from Trog
  1181 | D        | Noticed an azure jelly
  1181 | D        | Noticed an azure jelly
  1181 | D        | Noticed an azure jelly
  1182 | D        | Noticed an azure jelly
  1184 | D        | Noticed Rupert
  1205 | D        | Killed Rupert
  1246 | D        | Noticed a death yak
  1267 | D        | Killed a death yak
  1268 | D        | Reached skill level 17 in Unarmed Combat
  1280 | D        | Noticed a death yak
  1281 | D        | Noticed a death yak
  1282 | D        | Noticed a death yak
  1287 | D        | Killed a death yak
  1294 | D        | Killed a death yak
  1295 | D        | Reached skill level 15 in Fighting
  1298 | D        | Killed a death yak
  1301 | D        | Reached skill level 15 in Dodging
  1315 | D        | Received a gift from Trog
  1426 | D        | Reached XP level 12. HP: 125/143 MP: 11/11
  1491 | D        | Reached skill level 18 in Unarmed Combat
  1509 | D        | Received a gift from Trog
  1535 | D        | Noticed an anaconda
  1540 | D        | Noticed an anaconda
  1548 | D        | Killed an anaconda
  1549 | D        | Killed an anaconda
  1549 | D        | Received a gift from Trog
  1793 | D        | Noticed Urug
  1796 | D        | Killed Urug
  1860 | D        | Noticed a seven-headed hydra
  1860 | D        | Noticed an eight-headed hydra
  1861 | D        | Received a gift from Trog
  1866 | D        | Killed an eight-headed hydra
  1869 | D        | Killed an 11-headed hydra
  1870 | D        | Reached skill level 19 in Unarmed Combat
  1894 | D        | Gained mutation: Your body sometimes deteriorates upon
                  | taking damage. [potion of mutation]
  1894 | D        | Gained mutation: You are weak. (Str -2) [potion of
                  | mutation]
  1894 | D        | Gained mutation: Your movements are slightly less
                  | encumbered by armour. (ER -2) [potion of mutation]
  1894 | D        | Succumbed to a death drake's dark miasma

Illustrated notes

Levels and vault maps discovered:
D:        dungeon_sprint_mu [sprint_mu_entry_forest, sprint_mu_temple_rooms,
          sprint_mu_d1_horrors, sprint_mu_d2_genie, sprint_mu_d3_branching,
          sprint_mu_orc_legion, sprint_mu_elf_gauntlet, sprint_mu_hive_nellie,
          sprint_mu_lair_fedhas, sprint_mu_vaults_butterflies,
          sprint_mu_slime_circle, sprint_mu_shoals_kraken,
          sprint_mu_snake_twists, sprint_mu_blade_basic,
          sprint_mu_crypt_chambers, sprint_mu_tomb_spiral,
          sprint_mu_vestibule_basic, sprint_mu_gehenna_hellfire,
          sprint_mu_dis_giant, sprint_mu_tartarus_statrot,
          sprint_mu_cocytus_islands, sprint_mu_zot1]

Skill      XL: |  1  2  3  4  5  6  7  8  9 10 11 12 |
---------------+-------------------------------------+-----
Fighting       | 3 4 5 6 8 9 10 11 13 15 16 | 16.4
Dodging        | 3 4 5 6 7 9 10 11 13 15 16 | 16.2
Unarmed Combat | 4 5 6 7 9 11 12 13 15 17 19 | 19.0

Action                     |  1- 3 |  4- 6 |  7- 9 | 10-12 || total
---------------------------+-------+-------+-------+-------++-------
  Melee: Unarmed           |    13 |    26 |    51 |   197 ||   287
         Punch             |       |     3 |     3 |    20 ||    26
 Invoke: Berserk           |       |     1 |     2 |     5 ||     8
         Brothers in Arms  |       |       |     1 |     4 ||     5
         Trog's Hand       |       |       |       |     2 ||     2
  Evoke: Wand              |       |       |     1 |       ||     1
    Use: Potion            |       |       |       |     7 ||     7
         Scroll            |       |       |       |     1 ||     1
   Stab: Distracted        |       |       |       |     1 ||     1
 Armour: Animal skin       |     9 |    11 |    21 |       ||    41
         Robe              |       |       |    30 |   153 ||   183
  Dodge: Dodged            |     6 |     6 |    43 |    76 ||   131

Table legend: (Time is in decaauts)
 A = Elapsed time spent in this place.
 B = Non-inter-level travel time spent in this place.
 C = Inter-level travel time spent in this place.
 D = Time resting spent in this place.
 E = Time spent auto-exploring this place.
 F = Levels seen in this place.
 G = Mean time per level.
                   A        B        C        D        E       F      G
               +--------+--------+--------+--------+--------+-----+--------+
         Total |   1919 |   1881 |     38 |    842 |    206 |   1 | 1919.0 |
       Dungeon |   1919 |   1881 |     38 |    842 |    206 |   1 | 1919.0 |
               +--------+--------+--------+--------+--------+-----+--------+

Top non-repeatable levels by time:
       D: 1919 daAuts
